[Event "Titled Tuesday Blitz August 22 Late 2023"]
[White "Burke, Paul"]
[Black "Vanek, Tomas"]
[WhiteFideId "2605767"]
[BlackFideId "313459"]
[WhiteElo "1869"]
[BlackElo "2209"]
[Result "1-0"]
[Round "11"]
[TimeControl "180+1"]
[Date "2023.08.22"]
[WhiteClock "0:00:05"]
[BlackClock "0:01:27"]
[Board "114"]

1. e4 c5 2. Nf3 Nc6 3. d4 cxd4 4. c3 Nf6 5. e5 Nd5 6. Bc4 Nb6 7. Bb3 e6 8. Bf4 Be7 9. O-O O-O 10. cxd4 d5 11. Nc3 h6 12. Rc1 Nb4 13. a3 Na6 14. Bc2 f5 15. exf6 Bxf6 16. Qd3 Nc4 17. Qh7+ Kf7 18. Ne5+ Bxe5 19. dxe5 Rg8 20. Qg6+ Kf8 21. Nb5 Qe8 22. Qxe8+ Kxe8 23. Nd6+ Nxd6 24. exd6 Bd7 25. Bg6+ Kd8 26. Bg3 Be8 27. Bh4+ Kd7 28. Bxe8+ Rgxe8 29. Be7 Rac8 30. b4 e5 31. b5 Nc5 32. Rfd1 Ke6 33. f4 Nd7 34. fxe5 Nxe5 35. Rxc8 Rxc8 36. Re1 d4 37. Rxe5+ Kxe5 38. d7 Rb8 39. d8=Q Rxd8 40. Bxd8 b6 41. Kf2 Kd5 42. Ke2 Kc5 43. Kd3 Kxb5 44. Kxd4 Ka4 45. Be7 b5 46. Kd5 a5 47. Ke6 b4 48. axb4 axb4 49. Bxb4 Kxb4 50. Kf7 Kc4 51. Kxg7 1-0


[Site "https://www.chess.com"]

[Event "Titled Tuesday Blitz August 22 Late 2023"]
[White "petr577"]
[Black "Quirke, Jeffrey"]
[BlackFideId "2013029"]
[WhiteElo "2353"]
[BlackElo "2154"]
[Result "1/2-1/2"]
[Round "11"]
[TimeControl "180+1"]
[Date "2023.08.22"]
[WhiteClock "0:00:25"]
[BlackClock "0:00:18"]
[Board "115"]

1. g3 c5 2. Bg2 Nc6 3. c4 e5 4. Nc3 g6 5. h4 h5 6. d3 Bg7 7. a3 Nh6 8. b4 cxb4 9. axb4 Nxb4 10. Ba3 Nc6 11. Nb5 Bf8 12. Nf3 Bxa3 13. Rxa3 O-O 14. Qa1 Qe7 15. O-O d6 16. Nxa7 Nxa7 17. Rxa7 Rxa7 18. Qxa7 Bg4 19. Rb1 e4 20. Rxb7 Qe8 21. Re7 exf3 22. Rxe8 Rxe8 23. Bxf3 Bxf3 24. exf3 Nf5 25. c5 dxc5 26. Qxc5 Re1+ 27. Kg2 Rd1 28. Qc2 Ra1 29. Qc3 Rd1 30. f4 Kh7 31. Kf3 Kg8 32. Ke4 Rf1 33. Qb2 Re1+ 34. Kd5 Re6 35. Qb8+ Kg7 36. d4 Re2 37. Kc5 Rxf2 38. Qb4 Rc2+ 39. Kd5 Rc1 40. Qb3 Rc8 41. Ke4 Re8+ 42. Kd3 Rd8 43. d5 Ne7 44. Ke4 Nxd5 45. f5 Nf6+ 46. Kf3 Rd5 47. fxg6 fxg6 48. Qc3 Rd7 49. Kf4 Rf7 50. Kg5 Kh7 51. Qxf6 Rxf6 52. Kxf6 Kh6 53. Kf7 g5 54. Kf6 gxh4 55. gxh4 Kh7 56. Kg5 Kh8 57. Kf5 Kg8 58. Kg5 Kh8 59. Kg6 Kg8 60. Kh6 Kh8 61. Kg5 Kg8 62. Kxh5 Kh8 63. Kh6 Kg8 64. Kg6 Kh8 65. Kf5 Kg8 66. Kg5 Kh8 67. Kg4 Kg8 68. h5 Kh8 69. Kh4 Kg8 70. Kg5 Kh8 71. Kh6 Kg8 72. Kg6 Kh8 73. Kf6 Kg8 74. Kg5 Kh8 75. Kh6 Kg8 76. Kg6 Kh8 77. Kf5 Kg8 78. Kg4 Kh8 79. Kh4 Kg8 80. Kg4 1/2-1/2


[Site "https://www.chess.com"]

[Event "Titled Tuesday Blitz August 22 Late 2023"]
[White "Matthew_Clarke"]
[Black "miraitrunks"]
[WhiteElo "2235"]
[BlackElo "1980"]
[Result "1-0"]
[Round "11"]
[TimeControl "180+1"]
[Date "2023.08.22"]
[WhiteClock "0:01:41"]
[BlackClock "0:01:50"]
[Board "116"]

1. c4 c5 2. Nc3 Nc6 3. g3 g6 4. Bg2 Bg7 5. Nf3 d6 6. O-O e5 7. d3 Nge7 8. Ne1 O-O 9. Nc2 f5 10. Ne3 Be6 11. Ned5 f4 12. gxf4 exf4 13. Bxf4 Nd4 14. Bg5 Bxd5 15. Nxd5 Ndc6 16. Rb1 h6 17. Nxe7+ Nxe7 18. Bd2 Qd7 19. b4 b6 20. Bxa8 Rxa8 21. bxc5 Nf5 22. e3 Nh4 23. f4 Qh3 24. Qe2 g5 25. Be1 Nf5 26. fxg5 hxg5 27. Qf3 Qxf3 28. Rxf3 Nh4 29. Bxh4 gxh4 30. cxd6 1-0


[Site "https://www.chess.com"]

[Event "Titled Tuesday Blitz August 22 Late 2023"]
[White "Mr_November18"]
[Black "campochess"]
[WhiteElo "1969"]
[BlackElo "2178"]
[Result "0-1"]
[Round "11"]
[TimeControl "180+1"]
[Date "2023.08.22"]
[WhiteClock "0:00:00"]
[BlackClock "0:00:46"]
[Board "117"]

1. e4 c5 2. d4 cxd4 3. c3 d5 4. exd5 Nf6 5. cxd4 Nxd5 6. Nf3 e6 7. Bd3 Be7 8. O-O O-O 9. Nc3 Nxc3 10. bxc3 Nd7 11. Qe2 Nf6 12. Bg5 h6 13. Bh4 Qa5 14. Rac1 Qh5 15. Bg3 Bd7 16. Rfe1 Rac8 17. Be5 Bc6 18. Nd2 Qxe2 19. Rxe2 Nd5 20. Ne4 Ba3 21. Rce1 b6 22. c4 Nb4 23. Bb1 Bxe4 24. Rxe4 Rxc4 25. Bd6 Rd8 26. Be5 Rc1 27. h4 Rxe1+ 28. Rxe1 f6 29. Bg3 Rxd4 30. Bg6 e5 31. f3 Kf8 32. Bf2 Rd2 33. Be3 Rxa2 34. Rd1 Ke7 35. Bc1 Ra1 36. Kh2 Rxc1 37. Rd7+ Kxd7 0-1


[Site "https://www.chess.com"]

[Event "Titled Tuesday Blitz August 22 Late 2023"]
[White "Capp, Stephen"]
[Black "Milchev, Nikolay"]
[WhiteFideId "2027089"]
[BlackFideId "2906090"]
[WhiteElo "2151"]
[BlackElo "2555"]
[Result "0-1"]
[Round "11"]
[TimeControl "180+1"]
[Date "2023.08.22"]
[WhiteClock "0:00:00"]
[BlackClock "0:01:02"]
[Board "118"]

1. e4 Nf6 2. Nc3 d5 3. d4 Nxe4 4. Nxe4 dxe4 5. Be3 Bf5 6. Bc4 e6 7. g4 Bg6 8. Ne2 Nd7 9. h4 h6 10. Nf4 Bh7 11. Qd2 Nb6 12. Bb3 Nd5 13. Bxd5 exd5 14. O-O-O c6 15. g5 Bf5 16. gxh6 Rxh6 17. h5 Bd6 18. Kb1 Qc7 19. Ne2 Rh7 20. Bg5 f6 21. Bf4 O-O-O 22. Bxd6 Qxd6 23. Nf4 Bg4 24. Rdg1 f5 25. a3 Rh6 26. Ng6 Rxh5 27. Rxh5 Bxh5 28. Ne5 g6 29. Nf7 Qe7 30. Nxd8 Qxd8 31. Qf4 Qf6 32. c3 b6 33. Ka2 Kb7 34. Rg5 c5 35. Qh4 Qf7 36. Qf4 cxd4 37. cxd4 Qf6 38. Qe3 f4 39. Qh3 Qxg5 40. Qd7+ Kb8 41. Qd6+ Kc8 42. Qe6+ Kd8 43. Qg8+ Ke7 44. Qg7+ Ke6 45. Qxa7 Qd8 46. Qa4 Be2 47. Qc6+ Kf5 48. Qb7 Kg4 49. Qf7 Kf3 50. Qxg6 Kxf2 51. Qf5 f3 52. Qh3 Bc4+ 53. Ka1 Qg5 54. Qh2+ Ke3 55. Qc2 Qg1+ 0-1


[Site "https://www.chess.com"]

[Event "Titled Tuesday Blitz August 22 Late 2023"]
[White "dorpato"]
[Black "rikchessmx"]
[WhiteElo "2011"]
[BlackElo "2385"]
[Result "0-1"]
[Round "11"]
[TimeControl "180+1"]
[Date "2023.08.22"]
[WhiteClock "0:00:02"]
[BlackClock "0:02:06"]
[Board "119"]

1. e4 e5 2. Nf3 Nc6 3. d4 exd4 4. c3 dxc3 5. Nxc3 d6 6. Bc4 Be6 7. Bxe6 fxe6 8. Qb3 Qc8 9. Ng5 Nd4 10. Qa4+ Nc6 11. Qc4 Nd8 12. Nb5 c6 13. Nd4 d5 14. exd5 cxd5 15. Qb5+ Qd7 16. Ngxe6 Nxe6 17. Nxe6 Bb4+ 18. Bd2 Bxd2+ 19. Kxd2 Qxb5 20. Nc7+ Kd7 21. Nxb5 a6 22. Nc3 Nf6 23. f3 Rhe8 24. Rae1 Kd6 25. Kd3 b5 26. a3 Rac8 27. Re2 Rxe2 28. Kxe2 d4 29. Ne4+ Nxe4 30. fxe4 Ke5 31. Kf3 Rc2 32. b4 Rc3+ 33. Kg4 Rxa3 34. Rf1 Kxe4 35. Rf4+ Kd5 36. Rf7 d3 37. Rxg7 Kc4 38. Kf3 Kxb4 39. Rxh7 a5 40. g4 Ra2 41. Ke3 Re2+ 42. Kxd3 Rg2 43. h3 a4 44. Rf7 Rg3+ 45. Kc2 Rxh3 46. Rf4+ Ka5 47. g5 Rg3 48. Rf5 a3 49. Re5 Ka4 50. Re4+ b4 51. Re5 Rg2+ 52. Kb1 b3 53. Re4+ Kb5 54. Re1 Rxg5 55. Kc1 Rc5+ 56. Kb1 Kb4 57. Re4+ Rc4 58. Re8 a2+ 59. Kb2 Rc2+ 60. Ka1 Rc1+ 61. Kb2 Rb1# 0-1